 Dungeon Crawl Stone Soup version 0.23.2 (webtiles) character file.

Game seed: 13117224467681671479

172 myga the Skirmisher (level 5, -9/57 HPs)
             Began as an Ogre Berserker on Apr 3, 2019.
             Was a Follower of Trog.
             Mangled by a gnoll
             ... wielding a +0 spear
              (12 damage)
             ... on level 3 of the Dungeon.
             The game lasted 00:12:55 (2501 turns).

myga the Skirmisher (Ogre Berserker)                Turns: 2501, Time: 00:12:56

Health: -9/57      AC:  3    Str: 19 (21) XL:     5   Next: 53%
Magic:  5/5        EV: 10    Int:  7 (8)  God:    Trog [*.....]
Gold:   43         SH:  0    Dex:  7 (9)  Spells: 4/4 levels left

rFire    . . .     SeeInvis .   a - +1 spear
rCold    . . .     Gourm    .   (no shield)
rNeg     . . .     Faith    .   b - +0 animal skin
rPois    .         Spirit   .   (helmet restricted)
rElec    .         Reflect  .   h - scarf {cloud immunity}
rCorr    .         Harm     .   (gloves unavailable)
MR       .....                  (boots unavailable)
Stlth    ..........             m - amulet of inaccuracy (curse)
HPRegen  0.19/turn              o - ring of attention (curse)
MPRegen  0.09/turn              (no ring)

@: lethally poisoned (-9 -> -47), berserk cooldown, flying, slowed, very slow
A: large, unfitting armour, tough skin 1
a: Berserk, Renounce Religion


You were on level 3 of the Dungeon.
You worshipped Trog.
Trog was aware of your devotion.
You were near starving.

You visited 1 branch of the dungeon, and saw 3 of its levels.
You also visited: Sewer.

You collected 43 gold pieces.

Inventory:

Hand Weapons
 a - a +1 spear (weapon)
 p - a +0 trident
Missiles
 k - 20 stones (quivered)
Armour
 b - a +0 animal skin (worn)
 h - a scarf of cloud immunity (worn)
Jewellery
 e - an uncursed amulet of regeneration {unknown}
 m - a cursed amulet of inaccuracy (around neck)
 o - a cursed ring of attention (left hand)
Potions
 d - 2 potions of flight
 g - a potion of curing
 n - a potion of brilliance
Comestibles
 c - 7 rations


   Skills:
 + Level 5.4 Fighting
 + Level 4.3 Polearms
 + Level 1.1 Throwing
 + Level 3.6 Dodging
 + Level 0.1 Stealth


You had 4 spell levels left.
You didn't know any spells.
Your spell library was empty.

Dungeon Overview and Level Annotations

Branches:
Dungeon (3/15)

Altars:
Sif Muna


Innate Abilities, Weirdness & Mutations

You are too large for most types of armour.
You have tough skin. (AC +1)


Message History

* * * LOW HITPOINT WARNING * * *
You are more poisoned.
The adder poisons you! The adder misses you. The gnoll closely misses you.
The gnoll splashes around in the water.
You hit the gnoll.
The gnoll is moderately wounded.
* * * LOW HITPOINT WARNING * * *
You feel very sick. The adder bites you.
* * * LOW HITPOINT WARNING * * *
You are more poisoned.
The adder poisons you! The adder bites you.
* * * LOW HITPOINT WARNING * * *
You are more poisoned.
The adder poisons you! The adder bites you.
* * * LOW HITPOINT WARNING * * *
You are more poisoned.
The adder poisons you!
The gnoll splashes around in the water.
The gnoll hits you from afar with a +0 spear!
You die...

#.##.# #....####
########.##.###.##....#
.......#.##.##.(......#
#.............##'##..#
#.###..#.#.#..#≈≈≈#.##
#<##.#.#.#..#≈≈≈#.#
#.##.#.#.#..#bg≈#.#
#.##.#.#.#..#SS≈#.###
#....#.#....#@g≈#...#
######.#.#..#####.$.#
..###..........#
............#
###..........#
#..........#
#..........#
#..........#


You could see 2 gnolls, 2 adders and a bat.

Vanquished Creatures
  A big kobold (Sewer)
  2 river rats (Sewer)
  4 adders
  A gnoll (D:3)
  A dart slug (D:2)
  2 giant cockroaches (D:2)
  7 goblins
  2 hobgoblins
  3 jackals
  A quokka (D:2)
  6 bats
  A frilled lizard (D:1)
  7 kobolds
  6 rats
44 creatures vanquished.

Notes
Turn   | Place    | Note
-------+----------+-------------------------------------------
     0 | D:1      | myga the Ogre Berserker began the quest for the Orb.
     0 | D:1      | Reached XP level 1. HP: 24/24 MP: 1/1
   704 | D:2      | Reached XP level 2. HP: 30/33 MP: 2/2
   836 | D:2      | Reached XP level 3. HP: 40/40 MP: 3/3
  1537 | D:2      | Found a deep blue altar of Sif Muna.
  1630 | D:2      | Reached XP level 4. HP: 41/49 MP: 4/4
  1847 | D:3      | Found a glowing drain.
  1866 | D:3      | Reached skill level 5 in Fighting
  1873 | Sewer    | Entered a sewer
  1891 | Sewer    | HP: 2/75 [river rat (5)]
  2273 | Sewer    | Noticed a big kobold
  2299 | Sewer    | Killed a big kobold
  2299 | Sewer    | Reached skill level 1 in Throwing
  2299 | Sewer    | Reached XP level 5. HP: 51/57 MP: 5/5
  2414 | Sewer    | Found a glowing silver altar of Zin.
  2496 | D:3      | HP: 2/57 [adder (1)]
  2501 | D:3      | Mangled by a gnoll

Skill      XL: |  1  2  3  4 |
---------------+-------------+-----
Dodging        | 3 |  3.6
Fighting       | 5 |  5.4
Polearms       | 4 |  4.3
Throwing       | 1 |  1.1
Stealth        | |  0.1

Action                   |  1- 3 |  4- 6 || total
-------------------------+-------+-------++-------
Melee: Spear             |   143 |    97 ||   240
Throw: Stone             |    27 |    28 ||    55
Invok: Berserk           |     1 |     3 ||     4
  Use: Scroll            |     5 |     4 ||     9
       Potion            |     1 |     9 ||    10
  Eat: Chunk             |     3 |     4 ||     7
Armor: Animal skin       |    44 |    29 ||    73
       Skin              |       |    38 ||    38
Dodge: Dodged            |    49 |    54 ||   103
